 Dungeon Crawl Stone Soup version 0.31.0-9-g3a7656b989 (webtiles) character file.

Game seed: 3937840132120359164

134 qw the Skirmisher (level 4, 0/25 HPs)
             Began as a Deep Elf Hunter on Feb 2, 2024.
             Succumbed to their own poison gas
             ... on level 2 of the Dungeon.
             The game lasted 00:00:08 (1544 turns).

qw the Skirmisher (Deep Elf Hunter)                 Turns: 1544, Time: 00:00:08

Health: 0/25       AC:  7    Str: 10    XL:     4   Next: 95%
Magic:  6/6        EV:  9    Int: 14    God:
Gold:   65         SH:  0    Dex: 18    Spells: 3/3 levels left

rFire   . . .        a - +0 shortbow
rCold   . . .        (shield currently unavailable)
rNeg    . . .        j - +0 scale mail
rPois   .            (no helmet)
rElec   .            (no cloak)
rCorr   .            (no gloves)
SInv    .            d - +0 pair of boots
Will    .....        (no amulet)
Stlth   +            (no ring)
HPRegen 0.24/turn    (no ring)
MPRegen 0.10/turn

%: no passive effects
@: lethally poisoned (0 -> -2)
A: no striking features
a: no special abilities


You were on level 2 of the Dungeon.
You visited 1 branch of the dungeon, and saw 2 of its levels.

You collected 65 gold pieces.


   Skills:
 - Level 1.5 Fighting
 + Level 8.3 Ranged Weapons
 - Level 2.4 Dodging
 - Level 1.2 Stealth


You had 3 spell levels left.
You didn't know any spells.
Your spell library was empty.

Inventory:

Hand Weapons
 a - a +0 shortbow (weapon)
Armour
 d - a +0 pair of boots (worn)
 j - a +0 scale mail (worn)
Potions
 b - a potion of haste
 f - a potion of attraction {unknown}
 g - a potion of heal wounds {unknown}
 i - a potion of enlightenment {unknown}

Dungeon Overview and Level Annotations

Branches:
Dungeon (2/15)

Altars:


Message History

Done exploring.
1533 ||| READING scroll labelled ZOKHLU GYDUSS.
The air fills with toxic fumes!
As you read the scroll labelled ZOKHLU GYDUSS, it crumbles to dust.
It was a scroll of poison.
Done exploring.
What level of the Dungeon? (default 2, ? - help) Sorry, I don't know how to get there.
Enter note:
Enter note:
Enter note:
Enter note:
Enter note:
Enter note:
Enter note:
Enter note:
Enter note: You are engulfed in poison gas.
You are poisoned.
You feel very sick.
You see here the +6 dagger of Forgiveness {pain, rN+ Str+2 Dex+4}.
1535 ||| Stepping ~*~*~tactically~*~*~ (cloud).
You feel very sick.
There is a lethal amount of poison in your body!
You feel very sick.
There is a lethal amount of poison in your body!
You feel sick.
There is a lethal amount of poison in your body!
You feel sick.
There is a lethal amount of poison in your body!
You feel sick.
There is a lethal amount of poison in your body!
You feel sick.
There is a lethal amount of poison in your body!
You feel sick.
There is a lethal amount of poison in your body!
You feel sick.
There is a lethal amount of poison in your body!
You feel sick.
There is a lethal amount of poison in your body!
You die... #7...7 #####'#### 7.0.7 #.# 70¤07 #.# 700077

#.############
770007777##.#..........#
7P0.0¤¤77..#.########.#
77P¤0¤0¤7###.# #.#
7P0.08¤77 #.# #.#
7PP.0@0.7 #.# #.#


77P7¤0777 #.# #.# 777777 #.# #.# #.# #.# #.# #.# #.# #.. #.# #.# ### #.#######.#
#.........# #.######### There were no monsters in sight!

Vanquished Creatures
  Natasha (twice) (D:2)
  2 adders (D:2)
  An adder skeleton (D:2)
  2 adder zombies (D:2)
  5 bats
  2 bat zombies (D:2)
  3 endoplasms
  A giant cockroach (D:1)
  7 goblins
  4 hobgoblins
  3 jackals (D:1)
  2 quokkas (D:1)
  7 ball pythons
  6 kobolds
  6 rats
53 creatures vanquished.

Notes
Turn   | Place    | Note
-------+----------+-------------------------------------------
     0 | D:1      | qw the Deep Elf Hunter began the quest for the Orb.
     0 | D:1      | Reached XP level 1. HP: 12/12 MP: 3/3
     0 | D:1      | 0 ||| qw: Version: 0.3-a-155-g5e7d8dd
     0 | D:1      | 0 ||| qw: Game counter: 2243
     0 | D:1      | 0 ||| qw: Melee chars always use a shield: true
     0 | D:1      | 0 ||| qw: God list: Okawaru
     0 | D:1      | 0 ||| qw: Allow faded altars: false
     0 | D:1      | 0 ||| qw: Do Orc after clearing Dungeon:15 true
     0 | D:1      | 0 ||| qw: Do second Lair branch before Depths: true
     0 | D:1      | 0 ||| qw: Lair rune preference: random
     0 | D:1      | 0 ||| qw: Goals: Normal
     0 | D:1      | 0 ||| PLANNING D:1-11
    91 | D:1      | Reached skill level 6 in Ranged Weapons
    91 | D:1      | Reached XP level 2. HP: 16/16 MP: 4/4
   418 | D:1      | 418 ||| UPGRADING to +0 scale mail.
   428 | D:1      | 428 ||| DROPPING +0 leather armour.
   429 | D:1      | 429 ||| READING scroll labelled AQETUR WUEKO.
   430 | D:1      | 430 ||| READING scroll labelled NEMPOF MONEPNO.
   430 | D:1      | 430 ||| IDENTIFYING black potion
   431 | D:1      | 431 ||| READING scroll labelled LEFISO EMIMN.
   432 | D:1      | 432 ||| READING 2 scrolls labelled YVVOSTRA GYIPEGO.
   436 | D:1      | 436 ||| DROPPING scroll of butterflies.
   437 | D:1      | 437 ||| DROPPING potion of brilliance.
   450 | D:2      | Reached XP level 3. HP: 15/20 MP: 5/5
   643 | D:2      | Reached skill level 7 in Ranged Weapons
   764 | D:2      | Noticed Natasha
   778 | D:2      | HP: 4/20 [Natasha (6)]
   779 | D:2      | 779 ||| READING scroll of teleportation.
   781 | D:2      | 781 ||| RETREEEEATING.
   781 | D:2      | HP: 1/20 [cerulean imp/+0 spear[Natasha] (1)]
   782 | D:2      | 782 ||| RETREEEEATING.
   867 | D:2      | Killed Natasha
   868 | D:2      | Reached XP level 4. HP: 13/25 MP: 6/6
  1285 | D:2      | Noticed Natasha
  1289 | D:2      | Killed Natasha
  1290 | D:2      | Reached skill level 8 in Ranged Weapons
  1524 | D:2      | Identified the +6 dagger of Forgiveness {pain, rN+ Str+2
                  | Dex+4}
  1526 | D:2      | 1526 ||| UPGRADING to +0 pair of boots.
  1531 | D:2      | 1531 ||| READING scroll of identify.
  1531 | D:2      | 1531 ||| IDENTIFYING amethyst potion
  1532 | D:2      | 1532 ||| READING scroll labelled IRURIO HEAVYS.
  1533 | D:2      | 1533 ||| READING scroll labelled ZOKHLU GYDUSS.
  1535 | D:2      | 1535 ||| Stepping ~*~*~tactically~*~*~ (cloud).
  1538 | D:2      | HP: 5/25 [poisoned by you (poison gas)]
  1541 | D:2      | HP: 2/25 [poisoned by you (poison gas)]
  1544 | D:2      | Succumbed to their own poison gas

Levels and vault maps discovered:
D:1:      lordsloth_arrival_two_stooges, layout_rooms
D:2:      layout_basic, dilly_guarded_unrand_morg

Skill      XL: |  1  2  3  4 |
---------------+-------------+-----
Ranged Weapons | 6 7 8 |  8.3
Fighting       | |  1.5
Dodging        | |  2.4
Stealth        | |  1.2

Action                     |  1- 3 |  4- 6 || total
---------------------------+-------+-------++-------
   Fire: Shortbow          |   132 |    31 ||   163
    Use: Scroll            |     5 |     3 ||     8
 Armour: Leather armour    |     8 |       ||     8
         Scale mail        |    39 |     4 ||    43
  Dodge: Dodged            |    36 |     7 ||    43

Table legend:
 A = Non-vault XP
 B = Vault XP
 C = Vault XP percentage of total XP
 D = Non-vault monster count
 E = Vault monster count
 F = Vault count percentage of total count
                 A         B        C        D         E       F
            +---------+---------+-------+---------+---------+-------
      Total |     137 |      55 |  28.6 |      47 |       6 |  11.3
            +---------+---------+-------+---------+---------+-------
        D:1 |      40 |       0 |   0.0 |      22 |       0 |   0.0
        D:2 |      97 |      55 |  36.2 |      25 |       6 |  19.4
            +---------+---------+-------+---------+---------+-------
